Map: Blueshift LE

Players

Inteuniso - Winner!

  • Race: Zerg Zerg
  • League: Gold
  • Spawn Location: 7:00

RapelsFuny

  • Race: Terran Terran
  • Spawn Location: 1:00

VOD

Have the link to the VOD?

Description

Time

  • Played on: Oct. 22, 2018, 6:41 p.m.
  • Length: 12:59
Show
View Real Time Build Order
Export as new Build Order

Inteuniso Zerg - Winner!

Build Orders: Pool First 

Get SALT Encoding   

  12  0:02  Drone  
  13  0:08  Drone  
  14  0:16  Overlord  
  14  0:27  Overlord  
  14  0:41  Drone x2  
  16  0:52  Drone  
  17  1:02  Spawning Pool  
  16  1:06  Drone  
  16  1:10  Drone  
  18  1:19  Drone  
  19  1:29  Drone  
  19  1:30  Hatchery  
  19  1:37  Extractor  
  19  1:39  Drone  
  19  1:53  Zergling x2  
  19  1:54  Queen  
  22  2:03  Drone  
  23  2:19  Zergling x2  
  24  2:24  Zergling x2  
  24  2:28  Hatchery  
  24  2:41  Zergling x2  
  25  2:44  Metabolic Boost  
  25  2:49  Drone x2  
  27  2:53  Drone  
  27  2:55  Queen  
  27  2:56  Queen  
  32  3:05  Drone x2, Evolution Chamber  
  33  3:08  Zergling x2  
  33  3:10  Zergling x2  
  36  3:12  Zergling x2  
  36  3:27  Overlord  
  36  3:39  Queen x2  
  40  3:52  Zergling x4  
  42  3:56  Overlord x2  
  42  4:01  Zerg Melee Weapons Level 1  
  42  4:14  Overlord x3  
  42  4:16  Zergling x2  
  42  4:17  Zergling x2  
  44  4:20  Zergling x2  
  44  4:22  Drone  
  46  4:30  Drone  
  47  4:42  Drone x6  
  53  5:06  Lair  
  53  5:15  Extractor  
  53  5:18  Drone x3  
  55  5:25  Drone x4  
  55  5:26  Overlord x2, Drone  
  55  5:27  Zergling x4  
  62  5:55  Zerg Missile Weapons Level 1  
  62  6:00  Zergling x14  
  62  6:01  Zergling x10  
  74  6:12  Hatchery  
  73  6:18  Infestation Pit  
  72  6:47  Drone x2  
  72  6:48  Drone x6  
  72  6:49  Drone x5  
  72  6:52  Hatchery  
  84  7:02  Evolution Chamber  
  59  7:45  Zergling x14  
  59  7:46  Zergling x4  
  59  7:49  Zerg Melee Weapons Level 2  
  68  8:03  Overlord  
  68  8:07  Swarm Host x2  
  68  8:09  Hatchery  
  68  8:11  Extractor  
  72  8:14  Extractor  
  71  8:25  Drone x2  
  71  8:26  Overlord  
  73  8:33  Spire  
  72  8:50  Swarm Host  
  72  8:54  Zergling x8  
  72  8:55  Zergling x14  
  85  8:56  Zergling x10  
  91  9:14  Drone x6  
  91  9:15  Overlord, Drone x3  
  100  9:18  Drone  
  101  9:37  Hydralisk Den  
  100  9:40  Spore Crawler  
  99  10:02  Extractor  
  99  10:06  Corruptor x2  
  102  10:09  Zergling x4  
  102  10:10  Zergling x14  
  102  10:11  Zergling x14  
  102  10:12  Zergling x10  
  98  11:40  Zergling x10  
  98  11:41  Zergling x14  
  98  11:42  Zergling x12  
  112  12:09  Zergling x4  
  112  12:10  Zergling x12  
  112  12:11  Zergling x8  
  112  12:12  Overlord  
Show
View Real Time Build Order
Export as new Build Order

RapelsFuny Terran 

Build Orders: MMM Bio 

Get SALT Encoding   

  12  0:02  SCV  
  13  0:15  SCV  
  13  0:21  Refinery  
  14  0:27  SCV  
  15  0:42  Supply Depot  
  15  1:03  SCV  
  16  1:08  Barracks  
  16  1:12  Barracks  
  16  1:15  SCV  
  17  1:21  Supply Depot  
  17  1:30  SCV  
  18  1:42  SCV  
  19  1:56  Orbital Command  
  19  1:59  Barracks Tech Lab  
  19  2:02  Barracks Reactor  
  19  2:21  Marauder  
  21  2:39  Marine x2  
  23  2:49  Supply Depot  
  23  2:50  Supply Depot  
  23  2:53  Marauder  
  25  3:01  Marine x2  
  27  3:10  Factory  
  27  3:18  Marine  
  28  3:22  Marine x2  
  30  3:30  Refinery  
  30  3:59  Factory Reactor  
  30  4:07  Marine x3  
  33  4:25  Marine  
  33  4:26  Marauder  
  33  4:27  Command Center  
  36  4:34  Marine  
  37  4:40  Widow Mine  
  39  4:46  Widow Mine  
  39  4:47  Marauder  
  43  5:08  Marauder  
  43  5:09  Starport  
  45  5:23  Widow Mine  
  47  5:34  Supply Depot  
  47  5:37  Supply Depot  
  47  5:39  Stimpack, Widow Mine  
  49  5:43  Marauder, Marine x2  
  49  5:48  Starport Tech Lab  
  53  5:58  Supply Depot  
  53  5:59  Supply Depot  
  53  6:26  Orbital Command  
  53  6:39  SCV  
  54  6:49  Cyclone x2  
  54  6:51  SCV  
  64  7:03  SCV  
  64  7:04  Medivac  
  64  7:09  Marine  
  64  7:10  Marine x2  
  48  7:34  Medivac  
  46  7:49  SCV  
  47  8:01  SCV  
  48  8:13  SCV  
  48  8:14  SCV  
  48  8:16  Liberator  
  48  8:17  Cyclone x2  
  56  8:24  Marine x2  
  56  8:25  SCV, Marine  
  56  8:26  SCV  
  64  8:37  SCV  
  65  8:42  Marine  
  66  8:48  Marine  
  66  8:49  SCV, Marine  
  69  9:00  Marine  
  70  9:06  Marine  
  71  9:15  Marine  
  72  9:18  Combat Shields, Marine  
  73  9:24  Marine  
  74  10:15  Refinery  
  74  10:17  Refinery  
  74  10:20  Cyclone x2  
  68  10:37  Supply Depot x2  
  68  10:39  Supply Depot  
  68  10:41  Supply Depot  
Tags
 
Composition
MMM Bio
League
Gold
Matchup
TvZ
Opening
Pool First
Spawn Locations
Cross Positions
Add a new tag
Caveats
  • Supply blocks, unpowered buildings, or Contaminate may cause inaccurate times.
  • Supply counts are checked every 10 seconds.